 Dungeon Crawl Stone Soup version 0.29-a0-892-g2c4c91d9db (webtiles) character file.

Game seed: 12307797440866828830

81652 avis the Nimble (level 14, -6/109 (124) HPs)
             Began as a Demigod Ice Elementalist on July 22, 2022.
             Killed from afar by a jorogumo (32 damage)
             ... with a bolt of negative energy
             ... on level 1 of the Spider Nest on July 23, 2022.
             The game lasted 04:17:30 (35432 turns).

avis the Nimble (Demigod Ice Elementalist)         Turns: 35432, Time: 04:17:30

HP:   -6/109 (124)  AC: 21    Str:  8 (9)  XL:     14   Next: 87%
MP:   24/27         EV: 28    Int: 17      God:
Gold: 1988          SH:  0    Dex: 36      Spells: 8/25 levels left

rFire   + . .      SeeInvis +   a - +3 scimitar (flame)
rCold   + . .      Faith    .   (no shield)
rNeg    . . .      Spirit   .   j - +4 leather armour of Youthful Indiscretion {Slay+2}
rPois   +          Reflect  .   f - +1 helmet
rElec   +          Harm     .   E - +2 cloak
rCorr   +          Rampage  .   C - +0 pair of gloves
Will    +....                   H - +0 pair of boots
Stlth   ++++......              d - amulet of magic regeneration
HPRegen 0.28/turn               M - ring of see invisible
MPRegen 0.60/turn               k - +6 ring of dexterity

@: ice-armoured, resistant, freezing walls, heavily drained
A: high MP 1, forlorn, divine attributes
a: no special abilities


You were on level 1 of the Spider Nest.
You visited 5 branches of the dungeon, and saw 20 of its levels.

You collected 1988 gold pieces.

Inventory:

Hand Weapons
 a - a +3 scimitar of flaming (weapon)
 b - a +0 longbow
Missiles
 m - 27 poisoned darts
 p - 3 throwing nets
 q - 6 curare-tipped darts
 Q - 5 atropa-tipped darts
Armour
 f - a +1 helmet (worn)
 j - the +4 leather armour of Youthful Indiscretion (worn) {Slay+2}
   (You found it on level 1 of the Lair of Beasts)

   Slay:      It affects your accuracy & damage with ranged weapons and melee
   (+2).
 C - a +0 pair of gloves (worn)
 E - a +2 cloak (worn)
 H - a +0 pair of boots (worn)
Jewellery
 d - an amulet of magic regeneration (around neck)
 e - a ring of poison resistance
 k - a +6 ring of dexterity (right hand)
 A - a ring of protection from fire
 M - a ring of see invisible (left hand)
 Y - a ring of wizardry
Wands
 v - a wand of iceblast (12)
 w - a wand of quicksilver (3)
 y - a wand of charming (13)
 P - a wand of digging (15)
Scrolls
 g - 3 scrolls of magic mapping
 h - a scroll of teleportation
 s - a scroll of vulnerability
 D - 2 scrolls of fog
Potions
 i - 2 potions of ambrosia
 n - a potion of mutation {unknown}
 o - 5 potions of might
 r - 4 potions of magic
 t - 4 potions of resistance
 u - 7 potions of brilliance
 x - 3 potions of invisibility
 B - 4 potions of lignification
 G - a potion of flight
 I - 2 potions of cancellation
 J - 3 potions of berserk rage
 N - 6 potions of haste
 Z - 4 potions of curing
Miscellaneous
 S - a phantom mirror
 U - a piece from Xom's chessboard (15/15)


   Skills:
 - Level 11.0 Fighting
 - Level 8.0 Long Blades
 - Level 12.0 Ranged Weapons
 - Level 5.0 Armour
 * Level 13.1 Dodging
 - Level 6.0 Stealth
 - Level 6.0 Spellcasting
 - Level 5.0 Translocations
 - Level 8.0 Ice Magic


You had 8 spell levels left.
You knew the following spells:

 Your Spells              Type           Power      Damage    Failure   Level
a - Freeze                Ice            100%       1d11      1%          1
b - Blink                 Tloc           44%        N/A       3%          2
o - Ozocubu's Armour      Ice            32%        N/A       1%          3
p - Portal Projectile     Hex/Tloc       26%        N/A       19%         3
r - Frozen Ramparts       Ice            64%        1d8       1%          3
M - Manifold Assault      Tloc           22%        N/A       52%         5

Your spell library contained the following spells:

 Spells                   Type           Power      Damage    Failure   Level
 Poisonous Vapours        Pois/Air       10%        N/A       26%         2
 Hailstorm                Conj/Ice       18%        3d6       32%         4
 Conjure Flame            Conj/Fire      5%         6-21      45%         3
 Ignite Poison            Fire/Tmut/Pois 5%         N/A       45%         3
 Stone Arrow              Conj/Erth      10%        3d7       45%         3
 Tukima's Dance           Hex            5%         N/A       45%         3
 Metabolic Englaciation   Hex/Ice        9%         N/A       67%         5
 Animate Armour           Summ/Erth      10%        N/A       86%         4
 Corpse Rot               Necr/Pois/Air  5%         N/A       86%         4
 Petrify                  Tmut/Erth      5%         N/A       86%         4
 Sticky Flame             Conj/Fire      5%         2d3       86%         4
 Freezing Cloud           Conj/Ice/Air   7%         6-21      86%         5
 Dispersal                Tloc           11%        N/A       98%         6
 Blade Hands              Tmut           2%         N/A       99%         5
 Simulacrum               Ice/Necr       9%         N/A       99%         6
 Statue Form              Tmut/Erth      3%         N/A       100%        6
 Storm Form               Tmut/Air       2%         N/A       100%        7
 Disjunction              Tloc           11%        N/A       100%        8
 Lehudib's Crystal Spear  Conj/Erth      2%         10d2      100%        8
 Polar Vortex             Ice            16%        N/A       100%        9


Dungeon Overview and Level Annotations

Branches:
Dungeon (11/15)            Temple (1/1) D:6            Lair (5/5) D:10
 Shoals (1/4) Lair:2       Spider (2/4) Lair:2        Slime (0/5) Lair:4
    Orc (0/2) D:10

Shops:
D:8 *

Annotations:
D:11 1 runed translucent door, kkgakdfjhgaksdf's ghost, journeyman DgCj
Lair:4 3 runed translucent doors, Gofead's ghost, journeyman OpAr; zeratav's ghost, journeyman OpVM
Lair:5 2 transporters, Aurophilus's ghost, journeyman OgGl


Innate Abilities, Weirdness & Mutations

You have an increased reservoir of magic. (+10% MP)
You shall have no god before yourself.
Your divine heritage dramatically boosts your attributes as you level up.


Message History

The frozen ramparts melt away.
You climb upwards.
Your icy armour cracks and falls away as you move.
There is a stone staircase leading down here.
Casting: Frozen Ramparts (safe; 1% risk of failure)
Confirm with . or Enter, or press ? or * to list all spells.
You blink.
The jorogumo casts a spell at you. The stream of webbing misses you.
Casting: Blink (safe; 3% risk of failure)
Confirm with . or Enter, or press ? or * to list all spells.
A film of ice covers your body!
Casting: Ozocubu's Armour (safe; 1% risk of failure)
Confirm with . or Enter, or press ? or * to list all spells.
Casting: Frozen Ramparts (safe; 1% risk of failure)
Press: ? - help, Dir - look around, f - activate The walls around you are covered in ice.
The wall freezes the jorogumo.
You feel much better.
The wall freezes the jorogumo.
The jorogumo completely misses you.
You slice the jorogumo!! You burn the jorogumo.
The jorogumo is heavily wounded.
You feel stable enough to blink again.
The wall freezes the jorogumo.
The jorogumo completely misses you.
The wall freezes the jorogumo.
The jorogumo casts a spell at you.
The stream of webbing hits you but does no damage.
You are caught in a web!
You struggle to detach yourself from the web.
The wall freezes the jorogumo.
The jorogumo stares at you and mumbles some strange words.
The bolt of negative energy hits you!!
You feel drained.
* * * LOW HITPOINT WARNING * * *
You feel better.
The wall freezes the jorogumo.
The jorogumo hits you but does no damage.
The web tears apart.
The wall freezes the jorogumo.
The jorogumo hits you but does no damage.
You feel better.
The wall freezes the jorogumo.
The jorogumo casts a spell at you. The bolt of negative energy hits you!!
You feel drained.
You die...

[..#..#..#.....###...#....#...##.
#..#).##.####..........#>###.#.##
.#.....###.#......##........#....
.#....#.#....##.#..#..####....#..
.#.##..#.....#..#..#..#.##..#...#
##..###..##...#########.....#.#..
###..#....#......##.#.....#...##.
..##...##.#.####..#....(..###^###
..#.....#.##.#.H@###..##...####
...#.##..#.#..>....#..###.##
............#..#...#..# ###
.#...#.##......#.#....#
#..#####..##.#.####.### ##.#
######### ### ### # ### ### #.###


You could see a jorogumo.

Vanquished Creatures
  A ghost moth (Spider:2)
  2 dire elephants
  Josephine (Lair:3)
  A fire dragon (Lair:5)
  Erolcha (D:10)
  Erica (D:10)
  6 hydras
  5 boulder beetles
  2 catoblepae (Lair:5)
  A centaur warrior (Shoals:1)
  2 merfolk aquamancers
  3 death yaks (Lair:5)
  Urug (Lair:2)
  A sea snake (Shoals:1)
  A steelbarb worm (Spider:1)
  A pharaoh ant (Spider:2)
  A swamp dragon (Lair:5)
  2 lindwurms (Lair:5)
  8 harpies (Shoals:1)
  4 manticores
  7 wolf spiders
  2 cyclopes
  3 oklob plants (Lair:4)
  7 fauns (Shoals:1)
  A moth of wrath (Spider:1)
  4 merfolk sirens (Shoals:1)
  27 elephants
  6 black mambas
  9 cane toads
  5 rime drakes
  3 demonic crawlers (Spider:1)
  5 komodo dragons
  4 trolls
  7 merfolk
  3 polar bears
  11 blink frogs
  11 tarantellas
  3 snapping turtles (Shoals:1)
  6 dream sheep
  5 jumping spiders
  A spriggan (Lair:3)
  4 culicivoras
  51 yaks
  3 water elementals
  2 humans (D:8)
  7 wraiths
  4 wyverns
  12 redbacks
  7 basilisks
  3 steam dragons
  2 vampire mosquitoes (D:11)
  4 acid dragons
  15 water moccasins
  A swamp drake (Lair:5)
  3 ice beasts
  10 orc warriors
  A sky beast (D:6)
  A black bear (D:5)
  10 wolves
  8 centaurs
  3 phantoms
  2 kobold brigands
  2 necrophages
  10 bullfrogs
  5 scorpions
  A gnoll sergeant (D:8)
  7 wights
  6 howler monkeys
  5 hounds
  8 orc priests
  Crazy Yiuf (D:5)
  A gnoll bouda (D:5)
  6 iguanas
  16 orc wizards
  Terence (D:3)
  A hound skeleton (D:8)
  8 gnolls
  8 adders
  A shadow imp (D:7)
  2 white imps (D:5)
  3 ufetubi
  A worm (D:2)
  A dart slug (D:3)
  55 orcs
  3 endoplasms
  2 giant cockroaches
  8 goblins
  4 hobgoblins
  11 jackals
  8 kobolds
  7 quokkas
  4 ball pythons
  7 bats
  4 frilled lizards
  3 rats
538 creatures vanquished.

Vanquished Creatures (others)
  An orc wizard (D:8)
  130 fungi
  148 plants
279 creatures vanquished.

Grand Total: 817 creatures vanquished

Notes
Turn   | Place    | Note
-------+----------+-------------------------------------------
     0 | D:1      | avis the Demigod Ice Elementalist began the quest for the
                  | Orb.
     0 | D:1      | Reached XP level 1. HP: 14/14 MP: 5/5
   132 | D:1      | Reached skill level 1 in Fighting
   252 | D:1      | Reached XP level 2. HP: 23/23 MP: 5/7
  1119 | D:1      | Reached skill level 2 in Dodging
  1644 | D:2      | Reached XP level 3. HP: 29/29 MP: 5/8
  1653 | D:2      | Learned a level 3 spell: Ozocubu's Armour
  2018 | D:2      | Identified the +2 flail "Zarrius" {vorpal, Dex+6}
  2432 | D:3      | Reached XP level 4. HP: 36/36 MP: 10/10
  2929 | D:3      | Noticed Terence
  2938 | D:3      | Killed Terence
  3540 | D:4      | Reached XP level 5. HP: 35/41 MP: 10/12
  3691 | D:4      | Reached skill level 5 in Ice Magic
  3857 | D:4      | You fall into a shaft and drop 2 floors!
  3961 | D:6      | Learned a level 3 spell: Frozen Ramparts
  3964 | D:6      | Learned a level 2 spell: Blink
  4062 | D:6      | Noticed a sky beast
  4081 | D:6      | Killed a sky beast
  4082 | D:6      | Reached skill level 3 in Dodging
  4082 | D:6      | Reached XP level 6. HP: 39/48 MP: 13/13
  4342 | D:5      | Entered Level 5 of the Dungeon
  4437 | D:5      | Reached skill level 4 in Dodging
  6138 | D:5      | Reached XP level 7. HP: 57/57 MP: 15/15
  6196 | D:5      | Reached skill level 1 in Translocations
  6998 | D:5      | Found a runed translucent door.
  6999 | D:5      | Noticed Crazy Yiuf
  7489 | D:6      | Noticed a yak
  7489 | D:6      | Noticed a yak
  7490 | D:6      | Noticed a yak
  7511 | D:5      | Killed a yak
  7512 | D:5      | Reached XP level 8. HP: 32/63 MP: 15/17
  7699 | D:6      | Reached skill level 5 in Dodging
  8492 | D:6      | Reached skill level 6 in Dodging
  8587 | D:6      | Found a staircase to the Ecumenical Temple.
  8593 | Temple   | Entered the Ecumenical Temple
  9105 | D:7      | Reached skill level 5 in Spellcasting
  9631 | D:8      | Reached XP level 9. HP: 63/71 MP: 20/20
  9670 | D:8      | Identified the +5 hand axe of Ustoxoy {holy, *Noise rF+
                  | Str+6}
  9787 | D:7      | Reached skill level 5 in Stealth
 10520 | D:6      | Reached skill level 7 in Dodging
 10648 | D:7      | Reached skill level 1 in Ranged Weapons
 11068 | D:8      | Reached skill level 5 in Fighting
 11911 | D:8      | Found Gozag's Platinum Reserve.
 12802 | D:8      | Reached XP level 10. HP: 74/76 MP: 21/21
 13043 | D:9      | Reached skill level 8 in Dodging
 14633 | D:10     | Entered Level 10 of the Dungeon
 15095 | D:10     | Reached skill level 9 in Dodging
 15174 | D:10     | HP: 1/83 [something (12)]
 15652 | D:10     | HP: 2/83 [something (15)]
 16300 | D:10     | Reached skill level 5 in Ranged Weapons
 16347 | D:10     | Found a staircase to the Orcish Mines.
 16431 | D:10     | Noticed Erolcha
 16460 | D:10     | Killed Erolcha
 16572 | D:10     | Reached XP level 11. HP: 83/90 MP: 22/22
 16819 | D:10     | Found a staircase to the Lair.
 17253 | D:10     | Noticed Erica
 17265 | D:10     | Killed Erica
 17419 | Lair:1   | Entered Level 1 of the Lair of Beasts
 17871 | Lair:1   | Identified the +4 leather armour of Youthful Indiscretion
                  | {Slay+2}
 17903 | Lair:1   | Reached skill level 10 in Dodging
 19275 | Lair:2   | Reached skill level 1 in Long Blades
 19624 | Lair:2   | Noticed Urug
 19636 | Lair:2   | Killed Urug
 19892 | Lair:2   | Found a hole to the Spider Nest.
 19908 | Lair:2   | Noticed a boulder beetle
 19941 | Lair:2   | Killed a boulder beetle
 20101 | Lair:2   | Found a staircase to the Shoals.
 20642 | Lair:3   | Noticed Josephine
 20653 | Lair:3   | Killed Josephine
 20654 | Lair:3   | Reached XP level 12. HP: 101/101 MP: 20/23
 21041 | Lair:3   | Reached skill level 11 in Dodging
 21505 | Lair:3   | Noticed a dire elephant
 22057 | Lair:3   | Noticed a five-headed hydra
 22078 | Lair:3   | Killed a one-headed hydra
 22139 | Lair:3   | Reached skill level 10 in Ranged Weapons
 22401 | Lair:3   | Killed a dire elephant
 22402 | Lair:3   | Reached skill level 5 in Long Blades
 22795 | Lair:3   | Noticed a five-headed hydra
 22811 | Lair:3   | Killed a one-headed hydra
 23686 | Lair:4   | Reached XP level 13. HP: 95/107 MP: 24/24
 23838 | Lair:4   | Found a staircase to the Slime Pits.
 23998 | Lair:4   | Found a runed translucent gate.
 23998 | Lair:4   | Found a runed translucent gate.
 23998 | Lair:4   | Found a runed translucent gate.
 24002 | Lair:4   | Noticed zeratav's ghost (journeyman OpVM)
 24002 | Lair:4   | Noticed Gofead's ghost (journeyman OpAr)
 25354 | D:5      | Killed Crazy Yiuf
 25563 | Lair:5   | Entered Level 5 of the Lair of Beasts
 25567 | Lair:5   | Found a transporter.
 25593 | Lair:5   | Found a transporter.
 25594 | Lair:5   | Noticed Aurophilus's ghost (journeyman OgGl)
 26107 | Lair:5   | Identified the +0 ring mail of Bapijep {Fly rPois MP+9
                  | Int-4}
 26453 | Lair:5   | Reached skill level 12 in Dodging
 26462 | Lair:5   | Reached skill level 1 in Armour
 26638 | Lair:5   | Identified the +1 robe of Spite {MP+9 Int+4 Slay-6}
 27122 | Lair:5   | Reached skill level 10 in Fighting
 27259 | Lair:5   | Noticed a dire elephant
 27303 | Lair:5   | Killed a dire elephant
 28773 | Lair:1   | Learned a level 5 spell: Manifold Assault
 29670 | D:11     | Reached XP level 14. HP: 114/121 MP: 27/27
 29898 | D:11     | Reached skill level 13 in Dodging
 30066 | D:11     | Found a runed translucent door.
 30066 | D:11     | Noticed kkgakdfjhgaksdf's ghost (journeyman DgCj)
 30403 | Spider:1 | Entered Level 1 of the Spider Nest
 30904 | Spider:1 | Reached skill level 5 in Armour
 32123 | Shoals:1 | Entered Level 1 of the Shoals
 33274 | Lair:1   | Learned a level 3 spell: Portal Projectile
 35200 | Spider:2 | Noticed a ghost moth
 35218 | Spider:2 | Killed a ghost moth
 35401 | Spider:2 | Reached skill level 5 in Translocations
 35421 | Spider:2 | HP: 3/119 [jorogumo/bolt of negative energy (28)]
 35429 | Spider:1 | HP: 3/115 [jorogumo/bolt of negative energy (22)]
 35432 | Spider:1 | Killed from afar by a jorogumo

Illustrated notes

Levels and vault maps discovered:
D:1:      sevenhm_arrival_forest_fort_large_4, layout_loops_ring
D:2:      layout_loops_cross, basic_altar, kennysheep_generic_room_14
D:3:      layout_basic, ashenzari_conservatory_becter, uniq_terence
D:4:      layout_loops_corners, nicolae_ru_awakened_eye
D:5:      layout_basic, zin_statuary, fedhas_altar_3, uniq_crazy_yiuf_cottage
D:6:      layout_cave_pods, doesnt_xom_only_xom, grunt_dithmenos_shadows,
          minmay_temple_entry_hall
D:7:      layout_rooms, mainiacjoe_overflow_cross_hatched,
          kennysheep_generic_room_2
D:8:      layout_loops_ring, makhleb_blood_cavern_becter,
          nicolae_gozag_zags_fifth_avenue, okawaru_humans, minmay_diced_spiral
D:9:      layout_irregular_city, mainiacjoe_overflow_tiny_flanked
D:10:     lemuel_ice_spiral_2, layout_irregular_city, elyvilon_altar_3,
          grunt_lair_entry_orc_guard_hut, david_orc_5, uniq_erica, uniq_erolcha
D:11:     layout_basic, gammafunk_ghost_grave, minmay_between
Temple:   hellmonk_temple_rainy
Lair:1:   layout_long_grid
Lair:2:   layout_misc_corridors, minmay_shoals_entry_centaurs,
          spider_nest_entry_web_field, uniq_urug
Lair:3:   mu_elephants_graveyard, layout_chaotic_city, uniq_josephine
Lair:4:   layout_roguey, minmay_slime_entry_oklob_open, gammafunk_ghost_cemetery
Lair:5:   guppyfry_lair_end_dragon, layout_hall_layers,
          hangedman_lair_in_review, gammafunk_ghost_hive
Shoals:1: layout_shoals
Spider:1: layout_spider_delve, hangedman_spider_tarantella_strand
Spider:2: layout_spider_delve, uniq_arachne

Skill      XL: |  1  2  3  4  5  6  7  8  9 10 11 12 13 14 |
---------------+-------------------------------------------+-----
Fighting       | 1 2 3 4 5 6 8 10 11 | 11.0
Spellcasting   | 2 3 4 5 6 |  6.0
Ice Magic      | 4 5 6 8 |  8.0
Stealth        | 2 3 4 5 6 |  6.0
Dodging        | 2 3 4 6 7 9 10 11 12 13 | 13.1
Translocations | 2 3 4 5 |  5.0
Ranged Weapons | 2 6 8 10 12 | 12.0
Long Blades    | 4 7 8 |  8.0
Armour         | 2 5 |  5.0

Action                   |  1- 3 |  4- 6 |  7- 9 | 10-12 | 13-15 || total
-------------------------+-------+-------+-------+-------+-------++-------
Melee: Long sword        |     8 |       |   176 |    96 |       ||   280
       Flail             |     7 |   142 |   154 |       |       ||   303
       Punch             |       |     2 |     5 |     5 |    10 ||    22
       Short sword       |       |       |       |   118 |     8 ||   126
       Scimitar          |       |       |       |   175 |   342 ||   517
 Fire: Sling             |       |     5 |    24 |   218 |       ||   247
       Shortbow          |       |       |       |   132 |   436 ||   568
       Longbow           |       |       |       |       |   143 ||   143
 Cast: Freeze            |    64 |    34 |    28 |    13 |     7 ||   146
       Ozocubu's Armour  |     1 |    19 |    47 |   100 |   101 ||   268
       Blink             |       |       |     5 |     4 |     1 ||    10
       Frozen Ramparts   |       |       |     1 |   104 |    76 ||   181
  Use: Scroll            |       |       |     6 |     5 |    18 ||    29
       Potion            |       |       |     3 |     4 |     6 ||    13
 Stab: Sleeping          |     8 |     4 |     7 |     1 |       ||    20
       Distracted        |       |     1 |       |       |       ||     1
Armor: Leather armour    |     6 |    69 |   108 |   155 |   182 ||   520
       Robe              |     2 |       |       |       |       ||     2
Dodge: Dodged            |    37 |   137 |   341 |   565 |   844 ||  1924

Table legend: (Time is in decaauts)
 A = Elapsed time spent in this place.
 B = Non-inter-level travel time spent in this place.
 C = Inter-level travel time spent in this place.
 D = Time resting spent in this place.
 E = Time spent auto-exploring this place.
 F = Levels seen in this place.
 G = Mean time per level.
                   A        B        C        D        E       F      G
               +--------+--------+--------+--------+--------+-----+--------+
         Total |  35779 |  31629 |   4150 |  14801 |   8269 |  20 | 1788.9 |
       Dungeon |  19351 |  17169 |   2182 |   7664 |   5004 |  11 | 1759.2 |
        Temple |     24 |     22 |      2 |      0 |      0 |   1 |   24.0 |
          Lair |  12657 |  11016 |   1641 |   5816 |   2679 |   5 | 2531.4 |
        Shoals |   1806 |   1688 |    118 |    697 |      0 |   1 | 1806.0 |
   Spider Nest |   1939 |   1734 |    205 |    623 |    586 |   2 |  969.5 |
               +--------+--------+--------+--------+--------+-----+--------+

Top non-repeatable levels by time:
  Lair:5: 3190 daAuts
     D:5: 3079 daAuts
    D:10: 2621 daAuts
  Lair:2: 2611 daAuts
  Lair:1: 2507 daAuts
  Lair:3: 2439 daAuts
     D:8: 2118 daAuts
     D:7: 2035 daAuts
     D:9: 1999 daAuts
  Lair:4: 1908 daAuts
Shoals:1: 1806 daAuts
Spider:1: 1720 daAuts
     D:6: 1531 daAuts
     D:1: 1514 daAuts
     D:4: 1416 daAuts
